 Dungeon Crawl Stone Soup version 0.18-a0-1084-g259f6cf (webtiles) character file.

378 Arkorax the Cutter (level 6, -8/51 HPs)
             Began as a Merfolk Assassin on Jan 15, 2016.
             Mangled by Robin
             ... wielding a +0 mace
              (10 damage)
             ... on level 4 of the Dungeon.
             The game lasted 00:04:08 (3560 turns).

Arkorax the Cutter (Merfolk Assassin)               Turns: 3560, Time: 00:04:09

Health: -8/51      AC:  4    Str: 13    XL:     6   Next: 74%
Magic:  6/6        EV: 13    Int: 10    God:
Gold:   157        SH:  0    Dex: 16    Spells: 0 memorised, 5 levels left

rFire  . . .     SeeInvis .     a - +2 dagger
rCold  . . .     Gourm    .     s - +0 leather armour
rNeg   . . .     Faith    .     (no shield)
rPois  .         Spirit   .     (no helmet)
rElec  .         Dismiss  .     d - +0 cloak
rCorr  .         Reflect  .     (no gloves)
SustAt .         Harm     .     (no boots)
MR     .....                    (no amulet)
Stlth  +++.......               (no ring)
                                (no ring)

@: not resistant to hostile enchantments, fairly stealthy
A: change form in water, swift swim
a: no special abilities


You were on level 4 of the Dungeon.
You were not hungry.

You visited 1 branch of the dungeon, and saw 4 of its levels.

You collected 157 gold pieces.

Inventory:

Hand Weapons
 a - a +2 dagger (weapon)
 b - a +0 blowgun
Missiles
 e - 5 poisoned needles
Armour
 c - a +0 robe
 d - a +0 cloak (worn)
 s - a +0 leather armour (worn)
Scrolls
 h - 2 scrolls of enchant armour {unknown}
 i - 2 scrolls of amnesia {unknown}
 j - 2 scrolls of identify {unknown}
 l - a scroll of remove curse {unknown}
 n - a scroll of teleportation {unknown}
 p - a scroll of noise {unknown}
 q - a scroll of recharging {unknown}
Potions
 k - 2 potions of brilliance {unknown}
 m - 3 potions of haste {unknown}
 o - a potion of lignification {unknown}
Comestibles
 g - a bread ration
 r - 2 meat rations
 u - a slice of pizza
 v - a fruit


   Skills:
 * Level 5.1 Fighting
 * Level 6.0 Short Blades
 - Level 2.0 Throwing
 + Level 3.0 Dodging
 - Level 4.4 Stealth


You had 5 spell levels left.
You didn't know any spells.

Dungeon Overview and Level Annotations

Branches:
Dungeon (4/15)
 Temple: D:4-7

Altars:
Dithmenos

Annotations:
D:4 Robin


Message History

You hit Robin but do no damage.
Robin is lightly wounded.
You barely miss Robin.
Robin is lightly wounded.
Robin hits you with a mace.
* * * LOW HITPOINT WARNING * * *
You are too injured to fight recklessly!
You hit Robin.
Robin is moderately wounded.
Robin zaps a wand.
The puff of flame misses you.
You barely miss Robin.
Robin is severely wounded.
You barely miss Robin.
Robin is severely wounded.
Robin zaps a wand.
The puff of flame hits you!
* * * LOW HITPOINT WARNING * * *
You closely miss Robin.
Robin is severely wounded.
Robin hits you with a mace!
You die...

#####...... ##
##..g## #.
##.....# #.
##....... #.
###........ #.
# #..+........
#. .#.#
#........
#.####..#
##.......
#.@gg..(#
##.....#
######(##
##...## #.#
##+## #g# #.#
#.# #.### #g#
##.... #.#
##...## #.#
###.....#
#.####...(....


You could see Robin and a hobgoblin (frenzied).

Vanquished Creatures
  Edmund (D:4)
  A hound (D:4)
  An iguana (D:4)
  Natasha (thrice) (D:3)
  A gnoll (D:1)
  4 adders
  3 worms
  2 giant geckos
  An orc (D:3)
  A ball python (D:2)
  2 giant cockroaches
  18 goblins
  9 hobgoblins
  10 kobolds
  2 quokkas (D:2)
  4 bats
  9 giant newts
  5 rats
77 creatures vanquished.

Notes
Turn   | Place    | Note
--------------------------------------------------------------
     0 | D:1      | Arkorax the Merfolk Assassin began the quest for the Orb.
     0 | D:1      | Reached XP level 1. HP: 16/16 MP: 1/1
   205 | D:1      | Reached XP level 2. HP: 23/23 MP: 2/2
   404 | D:1      | Reached XP level 3. HP: 28/28 MP: 3/3
   644 | D:1      | Noticed a big kobold
   644 | D:1      | Noticed a big kobold
   644 | D:1      | Noticed a big kobold
   644 | D:1      | Noticed a big kobold
   650 | D:1      | Noticed a troll
   686 | D:2      | Found a faded altar to an unknown god.
  1480 | D:2      | Reached XP level 4. HP: 35/35 MP: 4/4
  2352 | D:3      | Noticed Natasha
  2367 | D:3      | Killed Natasha
  2367 | D:3      | Reached XP level 5. HP: 27/42 MP: 5/5
  2581 | D:3      | Noticed Natasha
  2599 | D:3      | Killed Natasha
  2613 | D:3      | Noticed Natasha
  2626 | D:3      | Killed Natasha
  2626 | D:3      | Reached skill level 5 in Short Blades
  3310 | D:4      | Found a shadowy altar of Dithmenos.
  3448 | D:4      | Noticed Robin
  3472 | D:4      | Noticed Edmund
  3474 | D:4      | Reached XP level 6. HP: 14/49 MP: 6/6
  3549 | D:4      | Killed Edmund
  3549 | D:4      | Reached skill level 5 in Fighting
  3549 | D:4      | Reached skill level 6 in Short Blades
  3559 | D:4      | HP: 1/51 [Robin/wand of flame (10)]
  3560 | D:4      | Mangled by Robin

Vault maps used:
D:1:      erik_arrival_cave_to_civilisation
D:2:      ecumenical_altar_1, first_bread
D:3:      kennysheep_generic_room_13, uniq_natasha
D:4:      lemuel_crystal_altar, kennysheep_mini_moat,
          nicolae_overflow_hidden_temple, uniq_crazy_yiuf_cottage,
          uniq_eustachio, uniq_robin, uniq_edmund, uniq_grinder

Action                   |  1- 3 |  4- 6 || total
-------------------------+-------+-------++-------
Melee: Dagger            |    99 |   161 ||   260
 Fire: Blowgun           |       |    19 ||    19
  Use: Potion            |       |     1 ||     1
 Stab: Sleeping          |    10 |     4 ||    14
  Eat: Bread ration      |     1 |     1 ||     2
